[Event "13th KIIT Festival-A 2022"]
[Site "Bhubaneswar"]
[Date "2022.05.25"]
[Round "5.3"]
[White "Nitin, S.."]
[Black "Mirzoev, Azer"]
[Result "1/2-1/2"]
[ECO "C49"]
[WhiteElo "2399"]
[BlackElo "2476"]
[Annotator "TA"]
[PlyCount "61"]
[EventDate "2022.05.15"]
[EventType "swiss"]
[EventCountry "IND"]
[SourceTitle "playchess.com"]
[Source "ChessBase"]
[SourceQuality "1"]
[TimeControl "5400+30"]

1. e4 {[%emt 0:00:33] Atalik,S} e5 2. Nf3 Nf6 3. Nc3 Nc6 4. Bb5 Bb4 5. O-O O-O 6. d3 d6 7. Ne2 Ne7 8. c3 Ba5 9. Ng3 Ng6 10. d4 c6 11. Ba4 h6 {[%emt 0:00:32] C49: Four Knights: 4 Bb5 Bb4.} 12. h3 Re8 13. Bc2 Qe7 {[%emt 0:08:44] The position is equal.} 14. Re1 Qf8 {[%emt 0:00:37] [#]} 15. Bd2 $146 ({Predecessor:} 15. a4 c5 16. d5 Nf4 17. Nd2 g6 18. Nc4 Bd8 19. a5 Bd7 20. Qf3 N4h5 21. Ba4 Nxg3 22. Bxd7 Nxd7 23. Qxg3 {½-½ (72) Campora,D (2549)-Atalik,S (2541) Mallorca 2004 CBM 104 [Atalik,S]}) 15... Be6 16. a4 Rad8 17. Qc1 Bc7 18. a5 a6 19. Be3 Kh8 20. Kh1 d5 21. dxe5 Nxe4 22. Nxe4 dxe4 23. Bxe4 Nxe5 24. Bd4 f6 25. Nh4 {[%emt 0:00:29] [#] aiming for Bxe5.} (25. Bxe5 $5 fxe5 26. Qe3 $11) 25... Bf7 26. Qc2 Qd6 {[%emt 0:04:58][%cal Oe5d3] Hoping for ...Nd3!} 27. Nf5 Qf8 28. b4 {[%emt 0:08:10] Strongly threatening Bc5.} Qg8 29. Nh4 {[%emt 0:01:16] White is more active.} Nc4 30. Bg6 Rxe1+ 31. Rxe1 {[%emt 0:00:02] Weighted Error Value: White=0.08 (flawless) /Black=0.08 (flawless)} 1/2-1/2

[Event "13th KIIT Festival-A 2022"]
[Site "Bhubaneswar"]
[Date "2022.05.25"]
[Round "5.4"]
[White "Savchenko, Boris"]
[Black "Abdyjapar, Asyl"]
[Result "1/2-1/2"]
[ECO "B13"]
[WhiteElo "2524"]
[BlackElo "2346"]
[Annotator "TA"]
[PlyCount "58"]
[EventDate "2022.05.15"]
[EventType "swiss"]
[EventCountry "IND"]
[SourceTitle "playchess.com"]
[Source "ChessBase"]
[SourceQuality "1"]
[TimeControl "5400+30"]

1. e4 c6 2. d4 d5 3. exd5 cxd5 4. Bd3 Nc6 5. c3 Qc7 6. Ne2 Bg4 7. O-O {[%emt 0:00:05] B13: Caro-Kann: Exchange Variation and Panov-Botvinnik Attack.} e6 8. Qe1 Nf6 $1 {[%emt 0:00:22][%mdl 4] is more profitable than 8...Bxe2 at the moment.} 9. f3 {[%emt 0:01:44] [#] Strongly threatening Bf4.} Bh5 $1 10. Qh4 {[%emt 0:00:17] aiming for Nf4.} Bg6 11. Bxg6 fxg6 {[%emt 0:00:04] [#]} 12. Bg5 $146 ({Predecessor:} 12. Nf4 Kf7 13. Nh3 Re8 14. Bf4 Qb6 15. Nd2 h6 16. Nb3 e5 17. Be3 exd4 18. Bxd4 Nxd4 19. Qxd4 Qxd4+ 20. Nxd4 {½-½ (67) Goryachkina,A (2610)-Lenderman,A (2600) Chess.com INT 2022}) 12... Kf7 13. Nd2 Bd6 {[%emt 0:04:06] [#]} 14. Ne4 $1 dxe4 15. fxe4 Kg8 16. e5 (16. Bxf6 gxf6 17. Qxf6 Qe7 $17) 16... Nxe5 17. dxe5 Bxe5 18. Qh3 (18. Nf4 $11 {feels stronger.}) 18... Re8 $15 19. Rae1 h6 20. Bf4 Kh7 {[%emt 0:04:25] next ...Bxf4 is good for Black.} 21. Bxe5 Qxe5 22. Nd4 Qc5 23. Rxe6 Rxe6 24. Qxe6 {[%emt 0:00:05] Black must now prevent Rxf6.} Re8 25. Qb3 Qe5 {[%emt 0:06:54] Hoping for ...Ng4.} 26. h3 {[%emt 0:14:58] Inhibits Ng4.} Qe3+ 27. Kh2 $1 ({Wrong is} 27. Kh1 $2 Ne4 28. Kh2 Nd2 $19) 27... Qe5+ {[%emt 0:01:13] The position is equal.} 28. Kg1 $1 Qe3+ 29. Kh2 $1 ({Not} 29. Kh1 $2 Ne4 30. Kh2 Nd2 $19) 29... Qe5+ {[%emt 0:01:11] Weighted Error Value: White=0.02 (flawless) /Black=0.02 (flawless)} 1/2-1/2

[Event "13th KIIT Festival-A 2022"]
[Site "Bhubaneswar"]
[Date "2022.05.25"]
[Round "5.5"]
[White "Rohith Krishna S"]
[Black "Rahman, Ziaur"]
[Result "1/2-1/2"]
[ECO "D02"]
[WhiteElo "2337"]
[BlackElo "2431"]
[Annotator "TA"]
[PlyCount "91"]
[EventDate "2022.05.15"]
[EventType "swiss"]
[EventCountry "IND"]
[SourceTitle "playchess.com"]
[Source "ChessBase"]
[SourceQuality "1"]
[TimeControl "5400+30"]

1. Nf3 d5 2. g3 Nd7 3. d4 Nb6 4. Bg2 Bf5 5. O-O Nf6 6. Ne5 {[%emt 0:06:24] D02: 1 d4 d5 2 Nf3 sidelines, including 2...Nf6 3 g3 and 2...Nf6 3 Bf4.} c6 7. b3 e6 8. Bb2 Be7 9. Nd2 O-O 10. c4 h6 11. Re1 a5 12. a3 Nbd7 {[%emt 0:03:16] [#]} 13. Nxd7 $146 ({Predecessor:} 13. e4 dxe4 14. Nxe4 Re8 15. Nxf6+ Bxf6 16. Qe2 Bxe5 17. dxe5 Nc5 18. Rad1 Qg5 19. b4 axb4 20. axb4 {0-1 (38) Nagy,G (2495)-Le,T (2514) Chess.com INT 2020}) 13... Qxd7 14. f3 Bh7 15. e4 dxe4 16. fxe4 e5 $1 17. Nf3 $1 exd4 18. e5 Ne8 (18... Ne4 $17 {And now ...d3 would win.} 19. Nxd4 Nc5) 19. e6 (19. Nxd4 $11 Bc5 20. Qd2) 19... fxe6 $15 {[%emt 0:01:04] White must now prevent ...c5.} 20. Bxd4 Rd8 {[%emt 0:01:35] Strongly threatening ...Qc8.} 21. Bb6 Qxd1 22. Raxd1 Rxd1 23. Rxd1 Nf6 {[%emt 0:04:11] Against Rd7} 24. Bh3 Bf5 25. Bxf5 exf5 26. a4 Bb4 $1 27. Kg2 Re8 28. Nh4 Re2+ 29. Kf3 Rb2 30. Rd3 Ng4 31. Rd8+ ({Better is} 31. Kf4) 31... Kh7 $17 32. Nxf5 Nxh2+ 33. Ke4 Bc3 (33... Re2+ $17 34. Be3 Nf1) 34. Rd3 $1 $11 Re2+ (34... Rxb3 $2 35. Bxa5 $1 Ng4 36. Rxc3 $18) 35. Ne3 $2 {[%emt 0:00:05][%mdl 8192] [#]} (35. Be3 $11 Bb4 36. Rd7) 35... Bb4 $2 ({Black should play} 35... Bd2 $1 $19 {Hoping for ...h5.} 36. Ba7 h5) 36. Rd7 Ng4 37. Kf4 {[%emt 0:00:30] The position is equal.} Nf6 38. Rxb7 Rf2+ 39. Ke5 Rd2 40. Nf5 Nd7+ 41. Ke4 Nxb6 42. Rxb6 Re2+ 43. Kf4 Rf2+ 44. Ke4 Re2+ 45. Kf4 Rf2+ 46. Ke4 {[%emt 0:00:04] Weighted Error Value: White=0.23 (precise) /Black=0.21 (precise)} 1/2-1/2

[Event "13th KIIT Festival-A 2022"]
[Site "Bhubaneswar"]
[Date "2022.05.25"]
[Round "5.6"]
[White "Shiva Pavan Teja Sharma U"]
[Black "Audi Ameya"]
[Result "1/2-1/2"]
[ECO "C58"]
[WhiteElo "2064"]
[BlackElo "2389"]
[Annotator "TA"]
[PlyCount "100"]
[EventDate "2022.05.15"]
[EventType "swiss"]
[EventCountry "IND"]
[SourceTitle "playchess.com"]
[Source "ChessBase"]
[SourceQuality "1"]
[TimeControl "5400+30"]

1. e4 e5 2. Nf3 Nc6 3. Bc4 Nf6 4. Ng5 d5 5. exd5 Na5 6. Bb5+ c6 7. dxc6 bxc6 8. Bd3 Nd5 {[%emt 0:05:00] C58: Two Knights: 4 Ng5 d5 5 exd5 Na5 sidelines.} 9. Nf3 (9. Qh5 g6 10. Nxf7 gxh5 $17) 9... Bd6 10. O-O Nf4 {[%emt 0:01:21] White has an edge.} 11. Re1 Nxd3 12. cxd3 O-O 13. b3 c5 14. Nc3 Nc6 15. Ne4 Bg4 16. h3 {[%emt 0:06:07] [#]} Bxf3 $146 ({Predecessor:} 16... Bh5 17. Ba3 Be7 18. Ng3 Bg6 19. Rc1 Qa5 20. Bb2 Qxa2 21. Nxe5 Qxb2 22. Nxc6 Bh4 23. Rxc5 Bxd3 {1-0 (79) Aronian,L (2785)-Nakamura,H (2750) Chess.com INT 2022}) 17. Qxf3 Nd4 18. Qd1 Be7 (18... f5 19. Nxd6 Qxd6 20. Bb2 $14) 19. Bb2 f5 20. Nc3 Bd6 21. Na4 Qh4 22. Rc1 e4 23. Bxd4 (23. Nxc5 Nf3+ $1 24. Kf1 (24. gxf3 $2 Qxh3 25. f4 Bxf4 $19) 24... Nxe1 25. Qxe1 Qe7 $11) (23. Re3 $5 exd3 24. Rxd3 $16 (24. Nxc5 Ne2+ 25. Rxe2 dxe2 $11)) 23... cxd4 24. Nc5 Rae8 25. b4 Kh8 $1 (25... Qf4 26. g3 Qh6 27. dxe4 $16) 26. Rc4 Qf4 27. g3 Qg5 {[%emt 0:00:04][%cal Od6g3] White must now prevent ...Bxg3!} 28. Kg2 (28. Rxd4 $2 Bxg3 $1 29. Rd7 (29. fxg3 $2 Qxg3+ 30. Kf1 Qxh3+ 31. Kf2 Rf6 $19) 29... Bf4+ 30. Kh1 Qh6 $19) 28... e3 (28... Bxg3 $11 29. fxg3 f4 30. Nxe4 Rxe4 31. Rxe4 (31. dxe4 Qxg3+ 32. Kh1 Qxh3+ 33. Kg1 f3) 31... Qxg3+ 32. Kh1 Qxh3+ 33. Kg1 Qg3+ 34. Kh1 Qh4+ 35. Kg2 (35. Kg1 Qg3+ 36. Kh1 Qh4+ 37. Kg2 Qg3+ 38. Kh1 $11) 35... Qg3+ 36. Kh1 Qh4+ 37. Kg2 (37. Kg1 Qg3+ 38. Kh1 $11) 37... Qg3+ 38. Kh1) 29. dxe3 $14 dxe3 30. f4 Qd8 31. d4 (31. a3 $16) 31... Bxf4 $1 $40 {[%emt 0:01:05][%mdl 128] Black is up to no good.} 32. Qf3 Bh6 {[%emt 0:07:56] And now ...f4 would win.} 33. d5 $1 {[%emt 0:00:15] aiming for Ne6.} Qd6 34. Ne6 Rc8 (34... Rf6 $11 {and Black is okay.}) 35. Rc5 $18 ({Wrong is} 35. Nxf8 $2 Rxc4 36. Ne6 (36. Qxf5 $2 g6 $19) 36... Rc2+ 37. Kg1 Rf2 $19) 35... Rfe8 (35... a5 $142) 36. Qxf5 {[%emt 0:01:14] Threatens to win with Rxc8.} Qa6 37. Nc7 $2 (37. a3 $18) 37... Qxa2+ $11 38. Rc2 Qb3 39. Rf1 $2 (39. Ree2 $11 g6 40. Qf3) 39... Rg8 $2 ({Better is} 39... g6 $1 $19 40. Qf6+ Bg7) 40. d6 (40. Rfc1 $11) 40... Qxb4 (40... Rcf8 $1 $17 41. Qe4 Rxf1 42. Kxf1 e2+ 43. Rxe2 Qxg3) 41. d7 {[%emt 0:04:36] [#]} ({But not} 41. Qd5 Rcd8 42. Nb5 (42. d7 $2 Rxd7 43. Na6 Qe7 $19) 42... a6 $17) (41. Rd1 $1 $11 Rcd8 42. Qg4) 41... Qb7+ {[%emt 0:00:35] [#]} (41... Rxc7 $1 $15 {keeps the upper hand.} 42. Rxc7 Qd2+ 43. Kf3 e2) 42. Qf3 {[%emt 0:00:21] 0x0.001de6022060dp-1022s more active pieces.} (42. Kg1 $1 $16 Rcd8 43. Ne6 Qxd7 44. Nxd8 Qxd8 45. h4) 42... Rxc7 {[%emt 0:00:36] The position is equal.} 43. Qxb7 {[%emt 0:00:24] Really sharp!} Rxb7 44. Rc8 $1 {[%emt 0:00:10] Threatening mate with Rxg8+.} Rxd7 45. Rff8 $1 Rd2+ 46. Kh1 Rd1+ 47. Kg2 Rd2+ 48. Kh1 Rd1+ 49. Kg2 Rd2+ 50. Kh1 Rd1+ {[%emt 0:00:03] Weighted Error Value: White=0.40/Black=0.52} 1/2-1/2

[Event "13th KIIT Festival-A 2022"]
[Site "Bhubaneswar"]
[Date "2022.05.25"]
[Round "5.7"]
[White "Paichadze, Luka"]
[Black "Weerawardane, Romesh"]
[Result "1-0"]
[ECO "C45"]
[WhiteElo "2567"]
[BlackElo "2027"]
[Annotator "TA"]
[PlyCount "45"]
[EventDate "2022.05.15"]
[EventType "swiss"]
[EventCountry "IND"]
[SourceTitle "playchess.com"]
[Source "ChessBase"]
[SourceQuality "1"]
[TimeControl "5400+30"]

1. e4 e5 2. Nf3 Nc6 3. d4 exd4 4. Nxd4 Qf6 5. Nb5 Bc5 6. Qe2 Bb6 7. N1c3 Nge7 $1 8. Be3 {[%emt 0:04:05] [#] And now Bxb6 would win. C45: Scotch Game.} O-O (8... Ba5 $1 $11 9. Qd3 O-O) 9. Bxb6 $16 cxb6 10. O-O-O {[%emt 0:02:33] White is clearly better.} a6 11. Nd6 {[%emt 0:00:18] Threatens to win with Qe3.} Nd4 12. Qe3 {[%emt 0:00:24] Active counter play!} Qxd6 {[%emt 0:00:07] [#]} 13. Qxd4 $146 ({Much less strong is} 13. Rxd4 Qc5 $16) ({Predecessor:} 13. Rxd4 Qc5 14. Qd2 b5 15. f4 Nc6 16. Rd5 Qe7 17. e5 {½-½ (17) Schmalstieg,T-Goellner,H GER corr 1997}) 13... Qg6 14. f4 d5 15. exd5 Bg4 16. Rd2 Rfd8 (16... Nf5 $16 {might work better.} 17. Qf2 Qh6) 17. h3 $18 Qh6 18. Rg1 Bd7 19. g4 {[%emt 0:00:37][%cal Bg2g4,Bg4g5][%mdl 32] Inhibits Nf5.} Rac8 20. f5 Bc6 $2 {[%emt 0:11:52] [#]} (20... Re8 21. Bg2 b5) 21. d6 Rb8 $2 (21... Qg5 22. h4 Qxh4) 22. g5 Qh5 23. Qf2 {[%emt 0:02:32] Black got outplayed after the opening.  Weighted Error Value: White=0.13 (very precise) /Black=0.51} 1-0

[Event "13th KIIT Festival-A 2022"]
[Site "Bhubaneswar"]
[Date "2022.05.25"]
[Round "5.8"]
[White "Krishnan Ritvik"]
[Black "Fedorov, Alexei"]
[Result "0-1"]
[ECO "B24"]
[WhiteElo "2023"]
[BlackElo "2529"]
[Annotator "TA"]
[PlyCount "46"]
[EventDate "2022.05.15"]
[EventType "swiss"]
[EventCountry "IND"]
[SourceTitle "playchess.com"]
[Source "ChessBase"]
[SourceQuality "1"]
[TimeControl "5400+30"]

1. e4 c5 2. Nf3 e6 3. g3 Nc6 4. Bg2 Nf6 5. Nc3 d5 6. exd5 exd5 7. d4 cxd4 8. Nxd4 Bg4 9. f3 Bd7 10. Be3 Be7 11. O-O O-O 12. Qe2 {[%emt 0:04:55] [#] B24: Closed Sicilian: 3 g3 sidelines.} (12. Nb3 $11) 12... Re8 $146 {[%emt 0:08:59] Strongly threatening ...Bc5.} ({Predecessor:} 12... Rc8 13. Rad1 Re8 14. Qf2 Ne5 15. Nb3 Nc4 16. Bd4 Nxb2 17. Rb1 Nc4 18. Bxf6 Bxf6 19. Nxd5 {0-1 (26) Ramoutar,A (2318)-Raja,H (2459) Banja Vrujci 2021}) 13. Qf2 Ne5 14. Rad1 {[%emt 0:04:17] Black has an edge.} Nc4 15. Bc1 {[%emt 0:01:04] [#]} Bc5 (15... Qb6 $1 $17 16. b3 Na3) 16. b3 (16. g4 $15) 16... Nd6 17. Nce2 Bb5 18. Rfe1 Qa5 {[%emt 0:04:39] White must now prevent ...Nf5.} 19. a4 ({Better is} 19. Bd2 Qxa2 20. Nc3) 19... Bxe2 {[%emt 0:00:40] Black is more active.} 20. Rxe2 Rxe2 21. Qxe2 {[%emt 0:00:01] [#]} Re8 $1 22. Qd3 (22. Be3 $17) 22... Re1+ $19 23. Kf2 $2 {[%emt 0:00:01] [#]} (23. Bf1 Rxd1 24. Qxd1) 23... Nde4+ $1 {[%emt 0:00:27][%mdl 512] Black took control after the opening.  Weighted Error Value: White=0.86/Black=0.09 (flawless)} 0-1

[Event "13th KIIT Festival-A 2022"]
[Site "Bhubaneswar"]
[Date "2022.05.25"]
[Round "5.9"]
[White "Harini, S.."]
[Black "Nikitenko, Mihail"]
[Result "0-1"]
[ECO "C41"]
[WhiteElo "2021"]
[BlackElo "2479"]
[Annotator "TA"]
[PlyCount "224"]
[EventDate "2022.05.15"]
[EventType "swiss"]
[EventCountry "IND"]
[SourceTitle "playchess.com"]
[Source "ChessBase"]
[SourceQuality "1"]
[TimeControl "5400+30"]

1. e4 d6 2. d4 Nf6 3. Nc3 e5 4. Nf3 Nbd7 5. Be3 c6 6. a4 {[%emt 0:01:53] C41: Philidor Defence.} Be7 7. h3 O-O 8. g4 {[%emt 0:04:24] [#] The position is equal.} exd4 $146 ({Predecessor:} 8... Re8 9. Bg2 Qc7 10. O-O Nf8 11. Qd2 Ng6 12. Rad1 a6 13. Rfe1 b5 14. axb5 axb5 {½-½ (96) Plotnikov,P (2297)-Pakleza,Z (2505) Chess.com INT 2022}) 9. Nxd4 d5 10. exd5 Nb6 11. Bg2 (11. dxc6 $14 Nfd5 12. Nxd5 Nxd5 13. Bg2) 11... Nfxd5 12. Nxd5 Nxd5 13. Bxd5 Qxd5 14. Qf3 Qc4 15. Qe2 Bb4+ 16. Kf1 $1 Qd5 17. Qf3 (17. Rg1 $142) 17... Qxf3 $17 18. Nxf3 f5 19. Ne5 Bd6 20. Nc4 Be7 21. Rg1 Be6 22. Ne5 Bf6 23. gxf5 Bxf5 {[%emt 0:00:29] This bishop pair is nice.} ({Reject} 23... Bxe5 24. fxe6 Rfe8 25. Rd1 $11) 24. Ng4 $1 {[%emt 0:00:08] And now Nh6+ would win.} Bxc2 {[%emt 0:00:59] Hoping for ...Bh4.} ({Don't do} 24... Bxb2 25. Rb1 $16) 25. Nxf6+ Rxf6 26. a5 Bd3+ 27. Kg2 Rf5 28. Kh2 Rb5 29. Bd4 g6 30. Rg3 Bf5 31. Re3 Rd8 32. Bc3 Rbd5 33. Rae1 R8d7 34. h4 Kf7 35. Re8 Rd3 36. R1e3 {[%emt 0:00:00] Prevents Rh3+.} (36. Bb4 $11 {keeps the balance.}) 36... Rxe3 37. Rxe3 {[%emt 0:00:00][%mdl 4096] Endgame KRB-KRB} Rd5 38. Kg3 h5 39. b4 c5 40. bxc5 $1 Rxc5 41. f3 Be6 42. Bb4 Rc4 43. Re4 Rc2 44. Rf4+ Bf5 45. Rd4 Rc1 46. Kf4 Be6 47. Ke5 Rf1 48. Rf4+ Bf5 49. Rc4 Rxf3 50. Rc7+ Ke8 51. Rxb7 a6 52. Bc5 Bd3 53. Ke6 Bc4+ 54. Ke5 Rf5+ 55. Kd4 Ba2 56. Bb6 Bb1 57. Bc5 Ba2 58. Bb6 Bb1 59. Bc5 Bc2 60. Rb2 Rf4+ 61. Ke5 Rc4 62. Bd4 Bd3 63. Rb3 Bf1 64. Rb6 Ra4 65. Rxg6 Rxa5+ 66. Kd6 {[%emt 0:01:05] Threatens to win with Re6+.} Ra4 67. Ke5 Kd7 68. Rd6+ Kc7 69. Rf6 Be2 70. Rf7+ Kc6 71. Rf6+ Kb5 72. Rb6+ Kc4 73. Rc6+ Kd3 74. Rd6 Bg4 75. Bc5+ Kc2 76. Rb6 ({White should play} 76. Bb6 $15) 76... Ra2 (76... a5 $17 77. Bd4 Rb4 78. Rc6+ Kb1) 77. Kd4 a5 78. Rf6 Ra4+ 79. Ke3 Kc3 80. Bb6 Ra2 81. Rc6+ Kb3 {[%emt 0:01:05] Black is more active.} 82. Bd4 a4 83. Rc3+ Kb4 84. Rc7 Rh2 85. Rb7+ Kc4 {[%emt 0:00:05] aiming for ...Rh3+.} 86. Rc7+ Kb5 87. Bf6 (87. Rb7+ $17 {was the only defense.} Kc6 88. Ra7) 87... a3 $19 88. Ra7 a2 89. Kd3 Be6 90. Ke3 Rh1 91. Kd2 Rf1 92. Bc3 Kb6 93. Bd4+ {[%emt 0:00:09] [#]} Kc6 $1 {[%emt 0:00:11] ...Rf4 is the strong threat.} 94. Ke3 (94. Ra6+ $142 Kd7 95. Ra7+ Ke8 96. Ke3) 94... Bd5 95. Ra5 Rf3+ 96. Ke2 Rf4 97. Bf2 $2 (97. Bc3) 97... Bb3 {[%emt 0:00:34] White must now prevent ...Ba4.} 98. Rc5+ Kd7 99. Rc1 Bc2 {[%emt 0:00:11] ( -> ...Bb1)} 100. Ra1 {[%emt 0:00:36] [#]} (100. Be3 $19 Rxh4 101. Bg5 Rh2+ 102. Kf3) 100... Bb1 {[%emt 0:00:03] Black mates.} 101. Bg3 Rg4 102. Kf3 Ke6 103. Bf2 Kf5 104. Bg3 Rb4 105. Be1 Rb3+ 106. Kg2 Kg4 107. Kh2 Rb2+ 108. Kg1 Kf3 109. Bc3 Rg2+ 110. Kh1 Kg3 111. Be5+ Kh3 112. Bf6 Rg4 {[%emt 0:00:10] Weighted Error Value: White=0.09 (flawless) /Black=0.08 (flawless)} 0-1

[Event "13th KIIT Festival-A 2022"]
[Site "Bhubaneswar"]
[Date "2022.05.25"]
[Round "5.10"]
[White "Laxman, R.R."]
[Black "Priyankara, Chamil"]
[Result "*"]
[ECO "E97"]
[WhiteElo "2420"]
[BlackElo "1938"]
[Annotator "TA"]
[PlyCount "36"]
[EventDate "2022.05.15"]
[EventType "swiss"]
[EventCountry "IND"]
[SourceTitle "playchess.com"]
[Source "ChessBase"]
[SourceQuality "1"]
[TimeControl "5400+30"]

1. d4 Nf6 2. Nf3 g6 3. c4 Bg7 4. Nc3 O-O 5. e4 d6 6. Be2 e5 7. O-O Nc6 8. d5 Ne7 9. b4 Ne8 10. c5 f5 11. Nd2 Nf6 12. f3 f4 13. Nc4 g5 14. Ba3 {[%emt 0:00:25] White is more active.} Rf7 {[%emt 0:08:15] E97: King's Indian: Classical Main Line (6...e5 7 0-0 Nc6): 8 Be3 and 8 d5 Ne7, not 9 Ne1.} 15. b5 dxc5 {[%emt 0:00:26] [#]} 16. Nxe5 $146 {[%emt 0:03:43] White is clearly better.} ({Predecessor:} 16. Bxc5 Ng6 17. Kh1 Bf8 18. Bg1 h5 19. a4 g4 20. a5 g3 21. b6 h4 22. Nb5 {0-1 (36) De Melo,R (1531)-Di Simoni,R (1473) Goiania 2015}) 16... Rf8 17. Bxc5 {[%emt 0:02:22] d6 is the strong threat.} Nxe4 18. Nxe4 ({Don't take} 18. fxe4 $6 Bxe5 19. Rc1 Re8 $14) 18... Bxe5 {[%emt 0:00:06] Weighted Error Value: White=0.29 (precise) /Black=0.36} *

[Event "13th KIIT Festival-A 2022"]
[Site "Bhubaneswar"]
[Date "2022.05.25"]
[Round "5.10"]
[White "Karthikeyan, P.."]
[Black "Priyankara, Chamil"]
[Result "1/2-1/2"]
[ECO "B12"]
[WhiteElo "2361"]
[BlackElo "1938"]
[Annotator "TA"]
[PlyCount "60"]
[EventDate "2022.05.15"]
[EventType "swiss"]
[EventCountry "IND"]
[SourceTitle "playchess.com"]
[Source "ChessBase"]
[SourceQuality "1"]
[TimeControl "5400+30"]

1. e4 c6 2. d4 d5 3. e5 Bf5 4. Nd2 e6 5. Nb3 a6 6. Nf3 {[%emt 0:01:45] B12: Caro-Kann: Advance Variation.} c5 7. dxc5 Bxc5 8. Nxc5 {[%emt 0:00:18] White has an edge.} Qa5+ 9. c3 Qxc5 10. Nd4 Bg6 11. Qa4+ Nd7 $1 {[%emt 0:09:17] [#]} 12. Nb5 $1 Rb8 (12... Kf8 13. Be3) 13. Nd6+ Kd8 14. Be3 $36 {[%emt 0:01:51][%mdl 2048] Black is under strong pressure.} Qc6 15. Qb4 {[%emt 0:04:16] White is much more active.} (15. Qa5+ $16 Qc7 16. Qb4) 15... Nxe5 $14 16. Ba7 {[%emt 0:14:08] [#]} (16. Rd1 $5 ) 16... Ra8 $146 (16... Kc7 $1 $11) ({Predecessor:} 16... Kc7 17. Bxb8+ Kxb8 18. f4 Nd7 19. f5 exf5 20. Be2 Nh6 21. h4 Kc7 22. Nxb7 Qxb7 23. Qxb7+ Kxb7 {1-0 (69) Popov,I (2549)-Rombaldoni,D (2418) Gaziantep 2008}) 17. Nxb7+ Ke8 18. Bd4 f6 19. O-O-O (19. f4 $16 Nf7 20. Na5) 19... Nf7 (19... Ne7 $11 {remains equal.}) 20. Na5 {[%emt 0:03:22] Dancing on a razor blade.} Qd7 21. Bc5 {[%emt 0:02:11] Threatens to win with f4.} Ne7 22. f4 Nc6 {[%emt 0:05:52] [#]} 23. Nxc6 (23. Qb7 $1 $16 Qxb7 24. Nxb7) 23... Qxc6 $11 24. Qa3 Nd8 25. g4 {[%emt 0:04:44][%cal Of4f5,Bg2g4,Bg4g5][%mdl 32] Strongly threatening f5!} Be4 {[%emt 0:00:30] Inhibits f5.} 26. Rg1 Nb7 27. Bd4 {[%emt 0:00:30] A strong pair of Bishops.} Kf7 28. g5 {[%emt 0:00:59] gxf6 is the strong threat.} Nd6 29. Be2 Nb5 30. Qa5 Nxd4 {[%emt 0:00:00] Weighted Error Value: White=0.16 (very precise) /Black=0.19 (very precise)} 1/2-1/2

[Event "13th KIIT Festival-A 2022"]
[Site "Bhubaneswar"]
[Date "2022.05.25"]
[Round "5.11"]
[White "Laxman, R.R."]
[Black "Chidvilash Sai Surapaneni"]
[Result "0-1"]
[ECO "E97"]
[WhiteElo "2420"]
[BlackElo "1912"]
[Annotator "TA"]
[PlyCount "70"]
[EventDate "2022.05.15"]
[EventType "swiss"]
[EventCountry "IND"]
[SourceTitle "playchess.com"]
[Source "ChessBase"]
[SourceQuality "1"]
[TimeControl "5400+30"]

1. d4 Nf6 2. Nf3 g6 3. c4 Bg7 4. Nc3 O-O 5. e4 d6 6. Be2 e5 7. O-O Nc6 8. d5 Ne7 9. b4 Ne8 10. c5 f5 11. Nd2 Nf6 12. f3 f4 13. Nc4 g5 14. Ba3 Rf7 {[%emt 0:08:15] E97: King's Indian: Classical Main Line (6...e5 7 0-0 Nc6): 8 Be3 and 8 d5 Ne7, not 9 Ne1.} (14... Ng6 $142) 15. b5 $16 dxc5 {[%emt 0:00:26] [#]} 16. Nxe5 $146 ({Predecessor:} 16. Bxc5 Ng6 17. Kh1 Bf8 18. Bg1 h5 19. a4 g4 20. a5 g3 21. b6 h4 22. Nb5 {0-1 (36) De Melo,R (1531)-Di Simoni,R (1473) Goiania 2015}) 16... Rf8 {[%emt 0:00:33] [#] Threatens to win with ...Ne8. White is clearly better.} 17. Bxc5 Nxe4 18. Nxe4 (18. fxe4 $6 Bxe5 19. Rc1 Re8 $14) 18... Bxe5 19. Rc1 ({Don't take} 19. Nxg5 $6 b6 20. Bd4 Qxd5 21. Bxe5 Qxe5 22. Bc4+ Kg7 $14) 19... Nf5 20. d6 $2 ({White should play} 20. Bxf8 $16 Kxf8 21. Re1) 20... cxd6 $11 21. Qd5+ Kg7 {[%emt 0:10:37] [#] White must now prevent ...Ne7.} 22. Rfd1 Qe7 23. Nxd6 Bxd6 (23... Nxd6 {with more complications.} 24. Bxd6 Bxd6 25. Qxd6 Qxe2 26. Rc7+ Rf7) 24. Bxd6 Nxd6 25. Qxd6 Qxe2 26. Re1 (26. Rc7+ $1 $11 Rf7 27. Qd5) 26... Qxb5 $17 27. Qd4+ {[%emt 0:36:24][%mdl 8192] Now White is beyond hope.} (27. Rc7+ $17 Kg8 28. Rc5 (28. Qe7 $2 Qb6+ 29. Kh1 Qg6 $19)) 27... Kg6 $19 ({Stronger than} 27... Rf6 28. h4 Qb6 29. Rc5 $19) 28. Re7 {[%emt 0:00:15] White wants to mate with Qg7+.} Qb6 29. Rc5 Bf5 30. h4 {[%emt 0:00:49] Qg7+ would kill now.} Qf6 {[%emt 0:02:42] Prevents Qg7+.} 31. Rce5 Rfd8 32. Qc5 {[%emt 0:00:24][%cal Oe5f5] Rxf5! is the strong threat.} Rac8 {[%emt 0:01:17] ( -> ...Rd1+)} 33. Qxa7 Rc1+ {[%emt 0:01:49] Black mates.} 34. Kh2 Rdd1 35. g4 fxg3+ {[%emt 0:00:27] Weighted Error Value: White=0.89/Black=0.05 (flawless)} 0-1